Map: Jagannatha LE

Players

TeebuL

  • Race: Protoss Protoss

RiSky - Winner!

  • Race: Zerg Zerg

Event: DreamHack SC2 Masters 2021 Winter

VOD

Have the link to the VOD?

Description

Time

  • Played on: Sept. 30, 2021, 6:06 a.m.
  • Length: 14:30

All games in this series

Show
View Real Time Build Order
Export as new Build Order

TeebuL Protoss 

Build Orders: 1 Gate Expand 

Get SALT Encoding   

  12  0:00  Probe  
  13  0:12  Probe  
  14  0:17  Pylon  
  14  0:24  Probe  
  15  0:36  Probe (Chrono Boost)  
  15  0:38  Gateway  
  16  0:45  Probe (Chrono Boost)  
  16  0:47  Assimilator  
  17  0:50  Probe (Chrono Boost)  
  18  1:03  Probe  
  19  1:15  Probe  
  20  1:25  Nexus  
  20  1:36  Cybernetics Core  
  20  1:39  Probe  
  21  1:44  Assimilator  
  21  1:51  Probe  
  22  1:54  Pylon  
  22  2:03  Probe  
  23  2:09  Adept (Chrono Boost)  
  25  2:16  Stargate  
  25  2:18  Probe  
  26  2:23  Warp Gate  
  26  2:32  Adept  
  26  2:35  Pylon  
  28  2:38  Probe (Chrono Boost)  
  28  2:41  Probe (Chrono Boost)  
  31  2:54  Void Ray (Chrono Boost)  
  31  2:55  Probe (Chrono Boost)  
  31  2:56  Probe (Chrono Boost)  
  32  3:03  Probe x2 (Chrono Boost)  
  38  3:14  Probe  
  38  3:15  Probe  
  40  3:21  Void Ray (Chrono Boost)  
  40  3:23  Gateway  
  40  3:26  Probe  
  41  3:27  Probe  
  46  3:36  Pylon  
  46  3:52  Nexus  
  46  3:54  Probe, Pylon  
  47  3:56  Probe  
  48  4:06  Probe  
  48  4:08  Twilight Council  
  48  4:09  Probe  
  50  4:19  Gateway x2  
  50  4:22  Probe  
  50  4:23  Probe  
  52  4:28  Adept  
  52  4:29  Adept  
  56  4:34  Assimilator, Probe  
  56  4:36  Probe  
  56  4:37  Resonating Glaives (Chrono Boost)  
  58  4:43  Assimilator  
  58  4:46  Probe  
  58  4:48  Probe  
  60  4:58  Protoss Air Weapons Level 1, Probe, Pylon  
  61  5:00  Probe  
  61  5:04  Probe  
  63  5:10  Probe  
  63  5:12  Probe  
  63  5:13  Adept x2, Pylon  
  69  5:14  Adept  
  69  5:16  Probe  
  69  5:17  Adept  
  74  5:22  Probe  
  74  5:24  Probe  
  76  5:32  Probe  
  76  5:34  Adept x3  
  83  5:36  Probe  
  83  5:39  Probe (Chrono Boost)  
  81  5:46  Probe (Chrono Boost)  
  81  5:47  Robotics Facility  
  81  5:48  Probe (Chrono Boost)  
  81  5:49  Sentry  
  85  5:51  Probe (Chrono Boost)  
  85  5:52  Blink (Chrono Boost)  
  85  5:54  Adept  
  85  5:56  Adept  
  86  5:59  Probe (Chrono Boost)  
  86  6:01  Probe (Chrono Boost)  
  86  6:03  Probe (Chrono Boost)  
  88  6:04  Probe (Chrono Boost)  
  88  6:05  Adept  
  88  6:08  Probe  
  90  6:14  Probe  
  90  6:16  Probe  
  90  6:18  Dark Shrine  
  86  6:20  Probe  
  86  6:23  Shield Battery x2  
  87  6:25  Shield Battery  
  87  6:26  Probe  
  87  6:31  Pylon  
  88  6:37  Stalker x2  
  88  6:39  Shield Battery  
  84  6:53  Immortal (Chrono Boost)  
  80  6:58  Gateway  
  80  6:59  Shield Battery  
  80  7:00  Gateway  
  78  7:02  Pylon  
  78  7:09  Stalker x3, Sentry  
  86  7:28  Pylon  
  86  7:29  Pylon  
  79  7:32  Dark Templar x4  
  74  7:40  Probe  
  75  7:47  Probe x2  
  75  7:50  Immortal (Chrono Boost)  
  81  7:52  Probe (Chrono Boost)  
  82  7:59  Probe (Chrono Boost)  
  82  8:00  Stalker, Probe (Chrono Boost)  
  82  8:04  Probe (Chrono Boost)  
  87  8:09  Assimilator  
  87  8:10  Assimilator, Probe (Chrono Boost)  
  87  8:12  Probe (Chrono Boost)  
  89  8:13  Probe (Chrono Boost)  
  89  8:14  Pylon  
  89  8:17  Robotics Facility  
  90  8:21  Sentry x2  
  90  8:22  Observer (Chrono Boost)  
  90  8:23  Stalker  
  90  8:25  Probe  
  98  8:33  Pylon  
  98  8:34  Probe x2  
  94  8:45  Stalker  
  94  8:46  Stalker x5  
  106  8:51  Gateway  
  106  8:55  Forge  
  106  9:11  Stalker x5  
  113  9:17  Stalker  
  113  9:19  Probe  
  113  9:22  Protoss Ground Weapons Level 1 (Chrono Boost)  
  113  9:23  Probe x2  
  116  9:27  Robotics Bay  
  114  9:31  Probe  
  114  9:35  Probe x2  
  117  9:45  Stalker x4  
  117  9:46  Stalker x2  
  117  9:48  Probe  
  128  9:53  Probe  
  127  10:01  Nexus  
  127  10:02  Pylon  
  127  10:05  Probe  
  128  10:12  Fleet Beacon  
  128  10:14  Templar Archives  
  128  10:15  Disruptor (Chrono Boost)  
  128  10:17  Probe, Disruptor (Chrono Boost)  
  135  10:22  Pylon  
  135  10:36  Pylon  
  135  10:37  Pylon  
  135  10:39  Pylon  
  135  10:55  Probe x2  
  125  10:59  Probe  
  125  11:02  Stalker x7  
  137  11:07  Probe  
  137  11:12  Probe  
  136  11:22  Probe  
  136  11:38  Stalker x6  
  136  11:39  Stalker  
  118  11:48  Probe  
  118  11:50  Probe  
  118  11:55  Probe  
  118  12:00  Probe  
  120  12:02  Probe, High Templar x2  
  124  12:08  Archon  
  124  12:09  High Templar x2  
  124  12:10  Disruptor x2  
  132  12:17  Archon  
  132  12:21  Probe x3  
  131  12:22  Zealot x2  
  131  12:23  Zealot  
  121  12:37  Stalker  
  121  12:38  Stalker  
  101  12:44  Stalker x5  
  101  12:50  Stalker x4  
  96  12:56  Zealot  
  55  13:13  Probe x2 (Chrono Boost)  
  55  13:14  Probe (Chrono Boost)  
  55  13:16  Stalker x3  
  60  13:23  Probe x3 (Chrono Boost)  
  62  13:28  Probe x3 (Chrono Boost)  
  65  13:39  Probe  
  65  13:40  Probe  
  67  13:48  Probe  
  67  13:52  Probe  
  68  14:01  Sentry x5  
Show
View Real Time Build Order
Export as new Build Order

RiSky Zerg - Winner!

Build Orders: Hatch First 

Get SALT Encoding   

  12  0:00  Drone  
  13  0:12  Overlord  
  13  0:17  Drone  
  14  0:30  Drone x2  
  16  0:48  Hatchery  
  15  0:52  Drone  
  15  0:55  Drone  
  17  0:59  Drone  
  18  1:09  Extractor  
  17  1:15  Spawning Pool  
  17  1:18  Drone  
  17  1:20  Drone  
  18  1:28  Drone  
  19  1:38  Drone  
  20  1:49  Overlord  
  20  2:02  Zergling x4, Queen x2  
  26  2:11  Drone x2  
  28  2:18  Metabolic Boost  
  28  2:22  Drone x2  
  30  2:44  Drone  
  30  2:47  Queen  
  30  2:49  Hatchery  
  30  2:50  Overlord  
  32  2:53  Drone  
  32  2:55  Drone  
  32  2:58  Drone  
  35  3:00  Drone  
  36  3:09  Drone x2  
  38  3:14  Drone x2  
  38  3:18  Drone  
  38  3:19  Overlord  
  41  3:23  Drone  
  42  3:28  Queen  
  42  3:32  Overlord  
  44  3:37  Drone  
  44  3:38  Drone  
  44  3:40  Overlord  
  46  3:42  Queen  
  46  3:44  Drone  
  46  3:45  Overlord  
  48  3:51  Zergling x4  
  48  3:54  Spore Crawler  
  49  3:56  Spore Crawler  
  49  3:57  Zergling x2  
  49  4:00  Drone x2  
  51  4:05  Queen  
  51  4:09  Drone  
  54  4:10  Drone x2  
  54  4:14  Drone  
  54  4:16  Drone  
  58  4:17  Drone x2  
  58  4:22  Zergling x4  
  58  4:23  Zergling x2  
  63  4:25  Drone  
  63  4:27  Overlord  
  63  4:28  Drone  
  65  4:34  Drone  
  65  4:35  Overlord  
  65  4:37  Drone  
  65  4:38  Drone x2  
  68  4:45  Roach Warren  
  68  4:46  Queen  
  68  4:50  Overlord  
  69  4:54  Lair  
  69  4:55  Drone  
  69  5:07  Overlord x2  
  69  5:09  Queen  
  69  5:11  Overlord  
  69  5:12  Extractor  
  70  5:14  Extractor  
  69  5:26  Evolution Chamber  
  69  5:27  Roach x10  
  87  5:44  Roach x3  
  87  5:48  Overlord  
  93  5:51  Roach x3  
  93  5:53  Zergling x12  
  105  5:58  Zergling x2  
  105  6:02  Queen x2, Roach  
  112  6:11  Zerg Missile Weapons Level 1  
  110  6:13  Drone x3  
  110  6:16  Drone x2  
  115  6:22  Drone  
  115  6:24  Drone  
  115  6:25  Drone  
  118  6:28  Drone x2  
  118  6:29  Glial Reconstitution  
  118  6:31  Hatchery  
  119  6:35  Drone  
  119  6:37  Drone  
  119  6:45  Zergling x16  
  121  6:48  Zergling x2  
  118  6:59  Overlord x2  
  116  7:02  Drone  
  116  7:04  Extractor  
  116  7:05  Spire, Extractor  
  116  7:06  Extractor  
  116  7:07  Ravager x2  
  116  7:08  Drone  
  116  7:09  Ravager, Drone  
  116  7:10  Drone  
  115  7:23  Overlord  
  115  7:24  Drone x4  
  115  7:26  Ravager  
  118  7:31  Drone x2  
  118  7:32  Queen x2  
  118  7:36  Drone x5  
  118  7:37  Drone x2  
  128  7:39  Overseer  
  126  7:47  Drone  
  126  7:50  Drone x3  
  126  7:53  Drone  
  123  8:00  Queen  
  123  8:05  Zergling x20  
  131  8:07  Zerg Missile Weapons Level 2  
  131  8:13  Spore Crawler  
  130  8:20  Drone x4, Extractor  
  130  8:22  Extractor  
  130  8:23  Mutalisk x3  
  130  8:26  Roach  
  140  8:30  Roach x3  
  146  8:35  Roach x3  
  151  8:44  Overlord x2  
  151  8:47  Spore Crawler, Overlord  
  148  8:49  Mutalisk  
  148  8:50  Overlord  
  148  8:53  Mutalisk  
  152  8:56  Overlord  
  151  9:03  Drone x16, Baneling Nest  
  151  9:05  Spine Crawler  
  151  9:07  Mutalisk x2  
  169  9:15  Mutalisk x2  
  169  9:17  Mutalisk x2  
  172  9:22  Mutalisk x2  
  180  9:31  Mutalisk x3  
  180  9:37  Ravager x3  
  184  9:52  Zergling x2  
  184  9:53  Zergling x14  
  184  9:54  Centrifugal Hooks  
  184  9:59  Ravager  
  186  10:00  Hatchery, Overlord x4  
  185  10:07  Zergling x10  
  185  10:08  Zergling x2, Spine Crawler  
  185  10:14  Pneumatized Carapace  
  190  10:15  Overseer  
  190  10:21  Zerg Flyer Weapons Level 1  
  190  10:23  Zerg Melee Weapons Level 1  
  190  10:24  Zergling x14  
  190  10:25  Infestation Pit  
  196  10:31  Zergling x6  
  199  10:36  Baneling x2  
  199  10:37  Baneling x25  
  199  10:52  Zergling x18  
  200  11:01  Hive  
  200  11:26  Baneling x22  
  196  11:35  Zergling x8  
  196  11:36  Zergling x10  
  196  11:39  Zergling x10  
  187  11:47  Zergling x24  
  199  11:57  Baneling  
  199  11:58  Baneling x11  
  194  12:07  Zergling x18  
  195  12:25  Zergling x16  
  195  12:34  Zergling x20  
  190  12:42  Zergling x20  
  186  12:50  Roach x5  
  182  12:52  Roach x2  
  182  12:53  Roach x3  
  182  12:54  Adrenal Glands  
  169  12:59  Roach x2  
  169  13:02  Roach  
  166  13:07  Roach x3  
  166  13:11  Roach x3  
  166  13:12  Roach x2  
  177  13:14  Spore Crawler  
  177  13:17  Roach x2  
  175  13:22  Roach x2  
  175  13:23  Ravager x7  
  175  13:24  Ravager x2, Zergling x6  
  175  13:25  Baneling x28  
  175  13:26  Overseer, Baneling  
  191  13:29  Zergling x8  
  191  13:30  Extractor  
  191  13:34  Ultralisk Cavern  
  193  13:35  Zergling x10  
  193  13:38  Zergling x2  
  197  13:49  Zergling x4  
  195  13:56  Baneling x3  
  195  13:57  Baneling x5  
  193  14:09  Zergling x12  
  200  14:10  Zergling x8  

Tags
 
Add a new tag
Caveats
  • Supply blocks, unpowered buildings, or Contaminate may cause inaccurate times.
  • Supply counts are checked every 10 seconds.